TOP OF THE 1ST |
Washington (WIN) Nationals batting - Pitching for Cleveland (WIN) Indians : RHP Matt Zambon
|
Pitching: RHP Matt Zambon
|
|
Batting: LHB Dillon Gonzalez
|
0-0: Called Strike 0-1: Called Strike 0-2: Ball 1-2: Strikes out swinging
|
Batting: LHB Dana McDonald
|
0-0: Ball 1-0: Reached on error, E6 (Groundball, 6, EV 91.9 MPH)
|
Batting: LHB Jae-ik Soung
|
0-0: Called Strike 0-1: Ball 1-1: Swinging Strike 1-2: Fly out, F9 (Flyball, 9S, EV 93.1 MPH)
|
Batting: LHB Alexis Cantu
|
0-0: Called Strike 0-1: Ball 1-1: Ball 2-1: Called Strike 2-2: DOUBLE (Line Drive, 78D, EV 110.6 MPH) Dana McDonald scores
|
Batting: RHB Justin Bonner
|
0-0: Ball 1-0: Called Strike 1-1: Called Strike 1-2: Fly out, F8 (Flyball, 8LS, EV 89.4 MPH)
|
Top of the 1st over - 1 run, 1 hit, 1 error, 1 left on base; Washington (WIN) 1 - Cleveland (WIN) 0 |
BOTTOM OF THE 1ST |
Cleveland (WIN) Indians batting - Pitching for Washington (WIN) Nationals : RHP Travis Plesz
|
Pitching: RHP Travis Plesz
|
|
Batting: LHB Corey Trevor
|
0-0: Foul Ball, location: 2F 0-1: Called Strike 0-2: Foul Ball, location: 2F 0-2: Foul Ball, location: 2F 0-2: Ball 1-2: Strikes out looking
|
Batting: RHB Christian Blue
|
0-0: Called Strike 0-1: Foul Ball, location: 2F 0-2: Ball 1-2: Ball 2-2: Fly out, F9 (Flyball, 9S, EV 82.5 MPH)
|
Batting: LHB Brent Albertson
|
0-0: Ball 1-0: Ball 2-0: Fly out, F8 (Flyball, 8LS, EV 94.4 MPH)
|
Bottom of the 1st over - 0 runs, 0 hits, 0 errors, 0 left on base; Washington (WIN) 1 - Cleveland (WIN) 0 |
TOP OF THE 2ND |
Washington (WIN) Nationals batting - Pitching for Cleveland (WIN) Indians : RHP Matt Zambon
|
Batting: RHB Jim Miske
|
0-0: Ball 1-0: Ball 2-0: Ball 3-0: Base on Balls
|
Batting: LHB Pat Aviles
|
0-0: Called Strike 0-1: Ball 1-1: Fly out, F9 (Flyball, 9D, EV 95.6 MPH)
|
Batting: RHB Kevin Wick
|
0-0: Foul Ball, location: 2F 0-1: Swinging Strike 0-2: Strikes out looking
|
Batting: RHB Jon Buscher
|
0-0: Called Strike 0-1: Ball 1-1: Called Strike Jim Miske steals 2nd base 1-2: Strikes out looking
|
Top of the 2nd over - 0 runs, 0 hits, 0 errors, 1 left on base; Washington (WIN) 1 - Cleveland (WIN) 0 |
BOTTOM OF THE 2ND |
Cleveland (WIN) Indians batting - Pitching for Washington (WIN) Nationals : RHP Travis Plesz
|
Batting: LHB Costodio Varino
|
0-0: Ball 1-0: Foul Ball, location: 2F 1-1: Ball 2-1: Swinging Strike 2-2: Foul Ball, location: 2F 2-2: Foul Ball, location: 2F 2-2: Ball 3-2: Foul Ball, location: 2F 3-2: Foul Ball, location: 2F 3-2: Strikes out swinging
|
Batting: SHB Joe Zeiset
|
0-0: Swinging Strike 0-1: Swinging Strike 0-2: Strikes out swinging
|
Batting: RHB Rick O'Reilly
|
0-0: Ball 1-0: Ball 2-0: Foul Ball, location: 2F 2-1: Called Strike 2-2: SINGLE (Line Drive, 6D, EV 97.5 MPH)
|
Batting: RHB Sergio Zamora
|
0-0: Ball 1-0: Called Strike 1-1: Foul Ball, location: 2F 1-2: Foul Ball, location: 2F 1-2: Strikes out swinging, 2-3 out at first.
|
Bottom of the 2nd over - 0 runs, 1 hit, 0 errors, 1 left on base; Washington (WIN) 1 - Cleveland (WIN) 0 |
TOP OF THE 3RD |
Washington (WIN) Nationals batting - Pitching for Cleveland (WIN) Indians : RHP Matt Zambon
|
Batting: LHB Dillon Gonzalez
|
0-0: Ball 1-0: Fly out, F8 (Flyball, 8LD, EV 105.6 MPH)
|
Batting: LHB Dana McDonald
|
0-0: Ball 1-0: Called Strike 1-1: Ball 2-1: Ball 3-1: Swinging Strike 3-2: Foul Ball, location: 2F 3-2: Base on Balls
|
Batting: LHB Jae-ik Soung
|
0-0: Ball 1-0: Foul Ball, location: 2F 1-1: Ball 2-1: Foul Ball, location: 2F 2-2: Strikes out swinging
|
Batting: LHB Alexis Cantu
|
0-0: Ball 1-0: Ball 2-0: Swinging Strike 2-1: Ball 3-1: Swinging Strike 3-2: Base on Balls Dana McDonald to second
|
Batting: RHB Justin Bonner
|
0-0: Foul Ball, location: 2F 0-1: Ball 1-1: Foul Ball, location: 2F 1-2: Ball 2-2: Strikes out looking
|
Top of the 3rd over - 0 runs, 0 hits, 0 errors, 2 left on base; Washington (WIN) 1 - Cleveland (WIN) 0 |
BOTTOM OF THE 3RD |
Cleveland (WIN) Indians batting - Pitching for Washington (WIN) Nationals : RHP Travis Plesz
|
Batting: RHB Jason Harris
|
0-0: Called Strike 0-1: Called Strike 0-2: Ball 1-2: Ground out 4-3 (Groundball, 4, EV 103.1 MPH)
|
Batting: RHB Josh Stinnett
|
0-0: Ball 1-0: Fly out, F7 (Flyball, 7, EV 86.2 MPH)
|
Batting: LHB Corey Trevor
|
0-0: Called Strike 0-1: Ball 1-1: Ball 2-1: Called Strike 2-2: Ball 3-2: Fly out, F3 (Line Drive, 34, EV 60.6 MPH)
|
Bottom of the 3rd over - 0 runs, 0 hits, 0 errors, 0 left on base; Washington (WIN) 1 - Cleveland (WIN) 0 |
TOP OF THE 4TH |
Washington (WIN) Nationals batting - Pitching for Cleveland (WIN) Indians : RHP Matt Zambon
|
Batting: RHB Jim Miske
|
0-0: Called Strike 0-1: Ball 1-1: SINGLE (Line Drive, 78S, EV 88.8 MPH)
|
Batting: LHB Pat Aviles
|
0-0: Called Strike 0-1: SINGLE (Groundball, 4D, EV 100.6 MPH) Jim Miske to second Runner from 2nd tries for 3rd, SAFE, no throw by CF
|
Batting: RHB Kevin Wick
|
Pickoff Throw to First - Error! E1 Jim Miske scores Pat Aviles to second 0-0: Intentional Walk
|
Batting: RHB Jon Buscher
|
0-0: Ball 1-0: Foul Ball, location: 2F 1-1: Ball 2-1: Ball 3-1: Fly out, F7 (Flyball, 78D, EV 90.6 MPH)
|
Batting: LHB Dillon Gonzalez
|
0-0: Foul Ball, location: 2F 0-1: Foul Ball, location: 2F 0-2: Strikes out looking
|
Batting: LHB Dana McDonald
|
0-0: Foul Ball, location: 2F 0-1: Ball 1-1: Swinging Strike 1-2: Ground out 4-3 (Groundball, 4, EV 100.0 MPH)
|
Top of the 4th over - 1 run, 2 hits, 1 error, 2 left on base; Washington (WIN) 2 - Cleveland (WIN) 0 |
BOTTOM OF THE 4TH |
Cleveland (WIN) Indians batting - Pitching for Washington (WIN) Nationals : RHP Travis Plesz
|
Batting: RHB Christian Blue
|
0-0: Ball 1-0: Fly out, F6 (Line Drive, 6, EV 70.0 MPH)
|
Batting: LHB Brent Albertson
|
0-0: Ball 1-0: Ground out 4-3 (Groundball, 4, EV 79.4 MPH)
|
Batting: LHB Costodio Varino
|
0-0: Ball 1-0: Ball 2-0: Foul Ball, location: 2F 2-1: Swinging Strike 2-2: Strikes out swinging
|
Bottom of the 4th over - 0 runs, 0 hits, 0 errors, 0 left on base; Washington (WIN) 2 - Cleveland (WIN) 0 |
TOP OF THE 5TH |
Washington (WIN) Nationals batting - Pitching for Cleveland (WIN) Indians : RHP Matt Zambon
|
Batting: LHB Jae-ik Soung
|
0-0: Fly out, F8 (Line Drive, 8LD, EV 88.1 MPH)
|
Batting: LHB Alexis Cantu
|
0-0: Ball 1-0: Foul Ball, location: 2F 1-1: Ball 2-1: Ball 3-1: Swinging Strike 3-2: Ground out 4-3 (Groundball, 4, EV 103.1 MPH)
|
Batting: RHB Justin Bonner
|
0-0: Called Strike 0-1: Called Strike 0-2: SINGLE (Groundball, 34S, EV 68.8 MPH) (infield hit)
|
Batting: RHB Jim Miske
|
0-0: Ball Justin Bonner steals 2nd base 1-0: Called Strike 1-1: Ball 2-1: Foul Ball, location: 2F 2-2: Strikes out swinging
|
Top of the 5th over - 0 runs, 1 hit, 0 errors, 1 left on base; Washington (WIN) 2 - Cleveland (WIN) 0 |
BOTTOM OF THE 5TH |
Cleveland (WIN) Indians batting - Pitching for Washington (WIN) Nationals : RHP Travis Plesz
|
Batting: SHB Joe Zeiset
|
0-0: Called Strike 0-1: Ball 1-1: Ball 2-1: Foul Ball, location: 2F 2-2: Ground out U3 (Groundball, 3, EV 101.2 MPH)
|
Batting: RHB Rick O'Reilly
|
0-0: Ball 1-0: SINGLE (Flyball, 6D, EV 85.0 MPH)
|
Batting: RHB Sergio Zamora
|
0-0: Ball 1-0: Called Strike 1-1: Swinging Strike 1-2: Foul Ball, location: 2F 1-2: Strikes out swinging
|
Batting: RHB Jason Harris
|
0-0: Ball 1-0: Called Strike Pickoff Throw to First - Error! E1 Rick O'Reilly to second 1-1: SINGLE (Line Drive, 9S, EV 101.9 MPH) Rick O'Reilly to third Runner from 3rd tries for Home, SAFE, throw by RF to home Jason Harris to second
|
Batting: RHB Josh Stinnett
|
0-0: Ball 1-0: Ball 2-0: Fly out, F8 (Flyball, 8LS, EV 80.6 MPH)
|
Bottom of the 5th over - 1 run, 2 hits, 1 error, 1 left on base; Washington (WIN) 2 - Cleveland (WIN) 1 |
TOP OF THE 6TH |
Washington (WIN) Nationals batting - Pitching for Cleveland (WIN) Indians : RHP Matt Zambon
|
Batting: LHB Pat Aviles
|
0-0: Called Strike 0-1: Ball 1-1: Ball 2-1: Ball 3-1: Called Strike 3-2: Strikes out swinging
|
Batting: RHB Kevin Wick
|
0-0: Swinging Strike 0-1: Ground out 4-3 (Groundball, 4, EV 89.4 MPH)
|
Batting: RHB Jon Buscher
|
0-0: Ball 1-0: Ground out 1-3 (Groundball, 13S, EV 62.5 MPH)
|
Top of the 6th over - 0 runs, 0 hits, 0 errors, 0 left on base; Washington (WIN) 2 - Cleveland (WIN) 1 |
BOTTOM OF THE 6TH |
Cleveland (WIN) Indians batting - Pitching for Washington (WIN) Nationals : RHP Travis Plesz
|
Batting: LHB Corey Trevor
|
0-0: Called Strike 0-1: Fly out, F7 (Flyball, 78M, EV 95.6 MPH)
|
Batting: RHB Christian Blue
|
0-0: Called Strike 0-1: Ball 1-1: Swinging Strike 1-2: Fly out, F9 (Line Drive, 89M, EV 103.8 MPH)
|
Batting: LHB Brent Albertson
|
0-0: Called Strike 0-1: Ball 1-1: Foul Ball, location: 2F 1-2: Strikes out swinging
|
Bottom of the 6th over - 0 runs, 0 hits, 0 errors, 0 left on base; Washington (WIN) 2 - Cleveland (WIN) 1 |
TOP OF THE 7TH |
Washington (WIN) Nationals batting - Pitching for Cleveland (WIN) Indians : RHP Matt Zambon
|
Batting: LHB Dillon Gonzalez
|
0-0: Called Strike 0-1: Fly out, F8 (Flyball, 8RS, EV 98.8 MPH)
|
Batting: LHB Dana McDonald
|
0-0: Ball 1-0: Ball 2-0: Ball 3-0: Called Strike 3-1: Base on Balls
|
Pitching: LHP Fred Kelly
|
|
Batting: LHB Jae-ik Soung
|
0-0: Called Strike 0-1: Foul Ball, location: 2F 0-2: Foul Ball, location: 2F 0-2: Ball 1-2: Ball 2-2: Grounds into double play, 6-4-3 (Groundball, 6, EV 103.1 MPH)
|
Top of the 7th over - 0 runs, 0 hits, 0 errors, 0 left on base; Washington (WIN) 2 - Cleveland (WIN) 1 |
BOTTOM OF THE 7TH |
Cleveland (WIN) Indians batting - Pitching for Washington (WIN) Nationals : RHP Travis Plesz
|
Pitching: LHP Mike Tracy
|
|
Batting: LHB Costodio Varino
|
0-0: Called Strike 0-1: Ball 1-1: Called Strike 1-2: Strikes out swinging
|
Pitching: LHP Kerry Baty
|
|
Batting: SHB Joe Zeiset
|
0-0: Ball 1-0: Called Strike 1-1: Ground out 5-3 (Groundball, 56, EV 85.6 MPH)
|
Batting: RHB Rick O'Reilly
|
0-0: Called Strike 0-1: Swinging Strike 0-2: Foul Ball, location: 2F 0-2: Foul Ball, location: 2F 0-2: Foul Ball, location: 2F 0-2: Ball 1-2: Strikes out swinging
|
Bottom of the 7th over - 0 runs, 0 hits, 0 errors, 0 left on base; Washington (WIN) 2 - Cleveland (WIN) 1 |
TOP OF THE 8TH |
Washington (WIN) Nationals batting - Pitching for Cleveland (WIN) Indians : LHP Fred Kelly
|
Batting: LHB Alexis Cantu
|
0-0: Ball 1-0: Ball 2-0: Called Strike 2-1: Ground out U3 (Groundball, 3, EV 80.6 MPH)
|
Pitching: RHP Malachi Shelton
|
|
Batting: RHB Justin Bonner
|
0-0: Called Strike 0-1: Swinging Strike 0-2: Strikes out looking
|
Batting: RHB Jim Miske
|
0-0: Ball 1-0: Ball 2-0: Ball 3-0: Base on Balls
|
Pitching: RHP Eduardo Garcia
|
|
Batting: LHB Pat Aviles
|
0-0: Foul Ball, location: 2F 0-1: Swinging Strike 0-2: Strikes out swinging
|
Top of the 8th over - 0 runs, 0 hits, 0 errors, 1 left on base; Washington (WIN) 2 - Cleveland (WIN) 1 |
BOTTOM OF THE 8TH |
Cleveland (WIN) Indians batting - Pitching for Washington (WIN) Nationals : LHP Kerry Baty
|
Batting: RHB Sergio Zamora
|
0-0: Called Strike 0-1: Ball 1-1: Ball 2-1: Ball 3-1: Fly out, F7 (Flyball, 7D, EV 85.6 MPH)
|
Batting: RHB Jason Harris
|
0-0: Called Strike 0-1: Foul Ball, location: 2F 0-2: Ball 1-2: Strikes out swinging
|
Batting: RHB Josh Stinnett
|
0-0: Ball 1-0: Called Strike 1-1: Ball 2-1: Foul Ball, location: 2F 2-2: Strikes out swinging
|
Bottom of the 8th over - 0 runs, 0 hits, 0 errors, 0 left on base; Washington (WIN) 2 - Cleveland (WIN) 1 |
TOP OF THE 9TH |
Washington (WIN) Nationals batting - Pitching for Cleveland (WIN) Indians : RHP Eduardo Garcia
|
Pinch Hitting: LHB Kyung-jin Cho
|
0-0: Ball 1-0: Ball 2-0: Called Strike 2-1: Ball 3-1: Foul Ball, location: 2F 3-2: Base on Balls
|
Batting: RHB Jon Buscher
|
0-0: Called Strike 0-1: Ball 1-1: Called Strike 1-2: Ball 2-2: Foul Ball, location: 2F 2-2: Strikes out looking
|
Batting: LHB Dillon Gonzalez
|
0-0: Foul Ball, location: 2F 0-1: Hit by Pitch Kyung-jin Cho to second
|
Batting: LHB Dana McDonald
|
0-0: Ball 1-0: Foul Ball, location: 2F 1-1: Swinging Strike 1-2: Foul Ball, location: 2F 1-2: Ball 2-2: Ball 3-2: Strikes out looking
|
Batting: LHB Jae-ik Soung
|
0-0: Called Strike 0-1: Ball 1-1: Swinging Strike 1-2: Ball 2-2: Foul Ball, location: 2F 2-2: Foul Ball, location: 2F 2-2: Foul Ball, location: 2F 2-2: Strikes out swinging
|
Top of the 9th over - 0 runs, 0 hits, 0 errors, 2 left on base; Washington (WIN) 2 - Cleveland (WIN) 1 |
BOTTOM OF THE 9TH |
Cleveland (WIN) Indians batting - Pitching for Washington (WIN) Nationals : LHP Kerry Baty
|
Pitching: RHP Gareth Cutts
|
|
Now at SS: Hisayuki Akiyama
|
|
Batting: LHB Corey Trevor
|
0-0: Ball 1-0: Called Strike 1-1: Ball 2-1: Foul Ball, location: 2F 2-2: Ball 3-2: Ground out 6-3 (Groundball, 6S, EV 71.9 MPH)
|
Batting: RHB Christian Blue
|
0-0: Ball 1-0: Ball 2-0: Foul Ball, location: 2F 2-1: Fly out, F4 (Popup, 34S, EV 80.6 MPH)
|
Batting: LHB Brent Albertson
|
0-0: Foul Ball, location: 2F 0-1: Foul Ball, location: 2F 0-2: Ball 1-2: Strikes out swinging
|
Bottom of the 9th over - 0 runs, 0 hits, 0 errors, 0 left on base; Washington (WIN) 2 - Cleveland (WIN) 1 |
|